 Dungeon Crawl Stone Soup version 0.25.0-3-gd7cc5688da (webtiles) character file.

Game seed: 3683872088772552851

7177 HungrySpirit the Cleaver (level 10, -4/84 HPs)
             Began as a Demigod Warper on June 15, 2020.
             Slain by a manticore (6 damage)
             ... on level 10 of the Dungeon.
             The game lasted 00:27:24 (15229 turns).

HungrySpirit the Cleaver (Demigod Warper)          Turns: 15229, Time: 00:27:28

Health: -4/84      AC: 15    Str: 20    XL:     10   Next: 56%
Magic:  15/15      EV: 11    Int: 17    God:
Gold:   521        SH:  0    Dex: 15    Spells: 12/12 levels left

rFire    + . .     SeeInvis .   v - +0 war axe
rCold    . . .     Gourm    .   (no shield)
rNeg     . . .     Faith    .   p - +0 plate armour
rPois    .         Spirit   .   C - +0 helmet
rElec    .         Reflect  .   h - scarf {repulsion}
rCorr    .         Harm     .   i - +0 pair of gloves
MR       +....                  (no boots)
Stlth    ..........             (no amulet)
HPRegen  0.24/turn              y - ring of protection from fire
MPRegen  0.14/turn              A - +4 ring of evasion

@: barbed spikes, very slightly contaminated, repel missiles
A: high mp 1
a: no special abilities


You were on level 10 of the Dungeon.
You were not hungry.

You visited 1 branch of the dungeon, and saw 11 of its levels.

You collected 521 gold pieces.

Inventory:

Hand Weapons
 a - a +0 hand axe
 v - a +0 war axe (weapon)
 L - a +2 scimitar of flaming
Missiles
 e - 2 boomerangs of dispersal (quivered)
 q - 14 poisoned darts
Armour
 h - a scarf of repulsion (worn)
 i - a +0 pair of gloves (worn)
 n - a +0 kite shield
 p - a +0 plate armour (worn)
 C - a +0 helmet (worn)
Jewellery
 y - a ring of protection from fire (left hand)
 A - a +4 ring of evasion (right hand)
 B - a +4 ring of evasion
 F - an uncursed ring of resist corrosion
 N - an uncursed ring of protection from cold {unknown}
Wands
 E - a wand of clouds (3)
 J - a wand of polymorph (8)
 K - a wand of random effects (20)
Scrolls
 c - 3 scrolls of enchant armour {unknown}
 d - 2 scrolls of blinking
 g - 7 scrolls of amnesia {unknown}
 m - 3 scrolls of random uselessness {unknown}
 r - 5 scrolls of identify
 s - 5 scrolls of teleportation {unknown}
 x - 5 scrolls of remove curse {unknown}
 D - 2 scrolls of immolation {unknown}
 G - 2 scrolls of fear {unknown}
 I - 2 scrolls of vulnerability {unknown}
 M - a scroll of enchant weapon {unknown}
Potions
 b - 2 potions of mutation
 j - a potion of resistance {unknown}
 l - 3 potions of curing
 o - 2 potions of lignification {unknown}
 t - a potion of cancellation
 u - 2 potions of ambrosia
 w - a potion of stabbing {unknown}
 z - a potion of magic
Miscellaneous
 H - a lightning rod (2/4)
Comestibles
 f - 20 rations
 O - 3 chunks of flesh


   Skills:
 + Level 6.3 Fighting
 * Level 11.5 Axes
 - Level 0.8 Throwing
 + Level 6.3 Armour
 - Level 1.7 Dodging
 + Level 4.7 Shields
 - Level 1.7 Spellcasting
   Level 2.6 Translocations


You had 12 spell levels left.
You didn't know any spells.
Your spell library contained the following spells:

 Spells                   Type           Power        Failure   Level  Hunger
 Blink                    Tloc           N/A          92%         2    ###....
 Shroud of Golubria       Chrm/Tloc      #.....       98%         2    ###....
 Gell's Gravitas          Tloc           ##........   99%         3    ###....
 Lesser Beckoning         Tloc           ##........   99%         3    ###....
 Teleport Other           Tloc           ##......     99%         3    ###....
 Confusing Touch          Hex            #.......     100%        3    ###....
 Passage of Golubria      Tloc           N/A          100%        4    #####..
 Petrify                  Tmut/Erth      #.......     100%        4    #####..
 Metabolic Englaciation   Hex/Ice        #.........   100%        5    ######.
 Yara's Violent Unravell  Hex/Tmut       #.........   100%        5    ######.


Dungeon Overview and Level Annotations

Branches:
Dungeon (11/15)            Temple (0/1) D:4            Lair (0/6) D:10
    Orc: D:9-12

Annotations:
D:9 3 runed translucent doors


Innate Abilities, Weirdness & Mutations

You have an increased reservoir of magic. (+10% MP)


Message History

The barbed spikes become lodged in your body.
* * * LOW HITPOINT WARNING * * *
Throwing (i - inventory. (/) - cycle)
q - 15 poisoned darts (quivered)
Press: ? - help, Shift-Dir - straight line, f/p - manticore
Aim: a manticore (almost dead, very poisoned)
You throw a poisoned dart. The poisoned dart hits the manticore.
The manticore looks even sicker.
The manticore is almost dead.
Quiver which item? (- for none, * to show all) (? for menu, Esc to quit)
Quivering
e - 3 boomerangs of dispersal for throwing.
Throwing (i - inventory. (/) - cycle)
e - 3 boomerangs of dispersal (quivered)
Press: ? - help, Shift-Dir - straight line, f/p - manticore
Aim: a manticore (almost dead, very poisoned)
You throw a boomerang of dispersal.
The boomerang of dispersal hits the manticore but does no damage.
The manticore is almost dead.
The manticore bites you!
* * * LOW HITPOINT WARNING * * *
The manticore claws you.
You die...

..................#
..................#
....##########....# ....#
#....# ....# #....#######
....# #..........# ....#
#..........#
....##########..........#
................@H>.....#
...................(....#
...................######
...................#
...................#
###'#.#'######....##
....#.#.>....#....#
....#.#......#....#
....+.#......#....#


You could see a manticore (very poisoned).

Vanquished Creatures
  Erica (D:11)
  A cyclops (D:11)
  Psyche (D:11)
  3 trolls
  A hippogriff (D:9)
  Sigmund (D:5)
  A spriggan (D:9)
  A wyvern (D:9)
  A hungry ghost (D:10)
  2 water moccasins
  A sky beast (D:9)
  2 phantoms (D:8)
  2 orc warriors
  An ice beast (D:11)
  7 ogres
  8 centaurs
  2 bullfrogs
  3 scorpions
  A water moccasin skeleton (D:4)
  3 wights
  4 killer bees (D:9)
  3 crimson imps
  3 orc wizards
  3 centaur skeletons
  2 hounds
  2 bullfrog skeletons
  6 orc priests
  2 jellies
  A bullfrog zombie (D:5)
  3 iguanas
  10 worker ants
  A worker ant zombie (D:7)
  Robin (D:4)
  16 adders
  4 gnolls (D:7)
  A shadow imp (D:10)
  An ooze (D:6)
  2 adder skeletons
  An adder zombie (D:5)
  4 worms
  4 dart slugs
  4 leopard geckos
  30 orcs
  3 ball pythons
  6 bats
  8 giant cockroaches
  12 goblins
  11 hobgoblins
  16 jackals
  5 quokkas
  7 frilled lizards
  6 kobolds
  A leopard gecko skeleton (D:4)
  6 rats
232 creatures vanquished.

Notes
Turn   | Place    | Note
-------+----------+-------------------------------------------
     0 | D:1      | HungrySpirit the Demigod Warper began the quest for the
                  | Orb.
     0 | D:1      | Reached XP level 1. HP: 17/17 MP: 5/5
    38 | D:1      | Reached skill level 1 in Armour
    40 | D:1      | Reached skill level 2 in Axes
   425 | D:1      | Reached XP level 2. HP: 24/24 MP: 7/7
  1247 | D:1      | Reached XP level 3. HP: 29/29 MP: 8/8
  1320 | D:2      | Found a snail-covered altar of Cheibriados.
  1436 | D:2      | Reached skill level 3 in Axes
  1569 | D:2      | Found a shadowy altar of Dithmenos.
  2153 | D:2      | Reached XP level 4. HP: 34/37 MP: 9/9
  2882 | D:3      | Noticed an ogre
  2904 | D:3      | Killed an ogre
  2904 | D:3      | Reached XP level 5. HP: 14/45 MP: 10/10
  3199 | D:3      | Reached skill level 4 in Axes
  4358 | D:4      | Reached XP level 6. HP: 46/51 MP: 11/11
  4470 | D:4      | Found a staircase to the Ecumenical Temple.
  4474 | D:4      | Noticed Robin
  4549 | D:4      | Killed Robin
  4872 | D:4      | Found a glowing golden altar of the Shining One.
  4900 | D:4      | Noticed a +0 dagger
  4901 | D:4      | Noticed a +0 hand axe
  4916 | D:4      | Found a hide-covered altar of Uskayaw.
  4961 | D:4      | Reached skill level 5 in Axes
  5397 | D:5      | Entered Level 5 of the Dungeon
  5594 | D:5      | Reached XP level 7. HP: 23/58 MP: 12/12
  6541 | D:5      | Noticed Sigmund
  6864 | D:5      | Killed Sigmund
  6864 | D:5      | Reached skill level 6 in Axes
  7401 | D:4      | Reached skill level 7 in Axes
  7677 | D:5      | Reached XP level 8. HP: 33/66 MP: 13/13
  8311 | D:6      | Found a sparkling altar of Nemelex Xobeh.
  8626 | D:6      | Reached skill level 8 in Axes
  8797 | D:6      | Found a burning altar of Makhleb.
  9109 | D:6      | Found an iron altar of Okawaru.
  9288 | D:7      | Reached skill level 9 in Axes
 10425 | D:8      | Reached skill level 1 in Shields
 10451 | D:8      | Reached XP level 9. HP: 52/71 MP: 14/14
 11634 | D:8      | Reached skill level 10 in Axes
 12124 | D:9      | Found a runed translucent gate.
 12124 | D:9      | Found a runed translucent gate.
 12124 | D:9      | Found a runed translucent gate.
 12124 | D:9      | Noticed a cyan ugly thing
 12124 | D:9      | Noticed a green ugly thing
 12125 | D:9      | Noticed a glowing orange brain
 12125 | D:9      | Noticed a purple ugly thing
 12125 | D:9      | Noticed a green ugly thing
 12411 | D:9      | Found a blossoming altar of Fedhas.
 12540 | D:9      | Reached skill level 5 in Fighting
 12540 | D:9      | Reached skill level 5 in Armour
 12847 | D:9      | Found an opulent altar of Gozag.
 13106 | D:9      | Found an ornate altar of the Wu Jian Council.
 13106 | D:9      | Found a basalt altar of Yredelemnul.
 13265 | D:10     | Entered Level 10 of the Dungeon
 13892 | D:10     | Found a staircase to the Lair.
 14211 | D:10     | Reached XP level 10. HP: 81/81 MP: 15/15
 14646 | D:11     | Noticed Erica
 14679 | D:11     | Reached skill level 11 in Axes
 14684 | D:11     | Killed Erica
 14797 | D:11     | Noticed a cyclops
 14977 | D:11     | Killed a cyclops
 15100 | D:11     | Noticed Psyche
 15103 | D:11     | Noticed a two-headed ogre
 15110 | D:11     | Killed Psyche
 15207 | D:11     | Noticed a manticore
 15229 | D:10     | HP: 2/84 [manticore (9)]
 15229 | D:10     | Slain by a manticore

Illustrated notes

Levels and vault maps discovered:
D:1:      dpeg_arrival_tiny_d, layout_basic
D:2:      layout_rooms, kennysheep_slug_shrine,
          grunt_dithmenos_smoke_and_mirrors
D:3:      layout_basic, first_ration
D:4:      layout_loops_corners, dancing_weapons_uskayaw, marbit_many_paths,
          minmay_temple_entry_trees, uniq_robin
D:5:      layout_rooms, uniq_sigmund
D:6:      layout_loops_corners, makhleb_grotto_becter,
          nemelex_xobeh_ov_fountains_minmay, kennysheep_okawaru_gauntlet,
          minivault_26
D:7:      layout_rooms
D:8:      layout_basic
D:9:      layout_small_grid, lemuel_crystal_altar,
          gammafunk_temple_overflow_elements, overflow_temple_1_default,
          ploomutoo_gammafunk_ghost_potion_laboratory, grunt_pizzeria
D:10:     layout_irregular_city, lair_entry_dummy
D:11:     layout_long_grid, uniq_psyche, uniq_erica

Skill      XL: |  1  2  3  4  5  6  7  8  9 10 |
---------------+-------------------------------+-----
Armour         | 1 2 3 4 5 6 |  6.3
Axes           | 2 3 4 5 7 9 10 11 | 11.5
Fighting       | 2 3 4 5 6 |  6.3
Shields        | 1 3 4 |  4.7
Throwing       | |  0.8
Dodging        | |  1.7
Spellcasting   | |  1.7
Translocations | |  2.6

Action                   |  1- 3 |  4- 6 |  7- 9 | 10-12 || total
-------------------------+-------+-------+-------+-------++-------
Melee: Hand axe          |   178 |   260 |   143 |       ||   581
       War axe           |       |       |   399 |    95 ||   494
Throw: Boomerang         |     4 |       |       |     1 ||     5
       Dart              |    11 |    60 |   128 |    33 ||   232
Evoke: Wand              |       |       |    13 |     4 ||    17
       Lightning rod     |       |       |       |     4 ||     4
  Use: Scroll            |       |     7 |       |     1 ||     8
       Potion            |       |     1 |     2 |     1 ||     4
 Stab: Paralysed         |       |       |     7 |       ||     7
  Eat: Chunk             |     4 |     7 |    25 |     4 ||    40
       Ration            |       |     1 |     2 |       ||     3
Armor: Leather armour    |     7 |       |       |       ||     7
       Chain mail        |   111 |   149 |       |       ||   260
       Plate armour      |       |       |   305 |    81 ||   386
Dodge: Dodged            |    97 |    90 |   349 |    67 ||   603
       Repelled          |     2 |     1 |    20 |     6 ||    29
